 Dungeon Crawl Stone Soup version 0.17-a0-1887-g3e50df6 (webtiles) character file.

268 dpvblackbelt the Slicer (level 6, 0/39 HPs)
             Began as a Halfling Assassin on Sept 23, 2015.
             Succumbed to Sigmund's poison
             ... on level 3 of the Dungeon.
             The game lasted 00:10:28 (1928 turns).

dpvblackbelt the Slicer (Halfling Assassin)         Turns: 1928, Time: 00:10:28

Health: 0/39       AC:  5    Str: 16    XL:     6   Next: 45%
Magic:  6/6        EV: 11    Int: 10    God:
Gold:   116        SH:  0    Dex: 18    Spells: 0 memorised, 5 levels left

rFire  . . .     SeeInvis .     a - +2 dagger
rCold  . . .     Clarity  .     c - +0 robe
rNeg   . . .     SustAt   .     (shield restricted)
rPois  .         Gourm    .     (no helmet)
rElec  .         Spirit   .     i - +0 cloak
rCorr  .         Warding  .     (no gloves)
rMut   .         Stasis   .     p - +1 pair of boots
MR     .....                    (no amulet)
Stlth  +++.......               (no ring)
                                (no ring)

@: mighty, lethally poisoned (0 -> -10), constricted, not resistant to hostile
enchantments, fairly stealthy
A: mutation resistance 1
a: no special abilities


You were on level 3 of the Dungeon.
You were not hungry.

You visited 1 branch of the dungeon, and saw 3 of its levels.

You collected 116 gold pieces.

Inventory:

Hand weapons
 a - a +2 dagger (weapon)
 b - a +0 blowgun
Missiles
 e - 61 poisoned needles
Armour
 c - a +0 robe (worn)
 d - a +0 cloak
 i - a +0 cloak (worn)
   (You found it on level 2 of the Dungeon)
 p - a +1 pair of boots (worn)
   (You found it on level 1 of the Dungeon)
 u - a +2 cloak
   (You found it on level 2 of the Dungeon)
Scrolls
 h - 2 scrolls of recharging
 l - 5 scrolls of identify {unknown}
 r - 2 scrolls of remove curse
 s - a scroll of teleportation {unknown}
 t - a scroll of magic mapping {!r}
 x - a scroll of enchant weapon {unknown}
Comestibles
 g - 2 bread rations {@e1@e1}
 m - a royal jelly
 n - a slice of pizza
 o - 4 fruits
 w - a meat ration {@e2@e2}


   Skills:
 - Level 1.7 Fighting
 + Level 8.4 Short Blades
 - Level 2.6 Throwing
 - Level 1.1 Dodging
 - Level 4.3 Stealth


You had 5 spell levels left.
You didn't know any spells.

Dungeon Overview and Level Annotations

Branches:
Dungeon (3/15)

Altars:


Innate Abilities, Weirdness & Mutations

You are small and have problems with some larger weapons.
You are somewhat resistant to further mutation.


Message History

MASSIVE DAMAGE!!
Quiver which item? (- for none, * to show all) (? for menu, Esc to quit)
Quivering
f - a curare-tipped needle for blowguns.
Unknown command.
Aim: Sigmund, wielding a scythe of venom and wearing a robe You shoot a curare-tipped needle.
The curare-tipped needle closely misses Sigmund.
Aim: Sigmund, wielding a scythe of venom and wearing a robe You shoot a poisoned needle.
The poisoned needle barely misses Sigmund.
Read which item? (? for menu, Esc to quit)
As you read the scroll labeled HYPUGO DERYUT, it crumbles to dust.
You feel aware of your surroundings.
You sensed 1 altar.
It was a scroll of magic mapping.
Sigmund misses you.
Read which item? (? for menu, Esc to quit)
As you read the scroll labeled VYUDWO XOERPH, it crumbles to dust.
It is a scroll of recharging.
You aren't carrying any rechargeable items.
Read which item? (? for menu, Esc to quit)
As you read the scroll labeled WOSAER GICIO, it crumbles to dust.
You feel blessed for a moment.
It was a scroll of remove curse.
Sigmund misses you.
Read which item? (? for menu, Esc to quit)
As you read the scroll labeled KISHRE ZISHRAIH, it crumbles to dust.
You hear a loud clanging noise!
It was a scroll of noise.
You hear a shout!
Sigmund casts a spell at you. The magic dart hits you!
Drink which item? (? for menu, Esc to quit)
It was a potion of curing.
You feel better. Sigmund casts a spell at you.
You are confused.
You regained 8 hp, and now have 26/34 hp.
Drink which item? (? for menu, Esc to quit)
You feel better.
Sigmund hits you from afar with a scythe of venom!
You are poisoned.
Drink which item? (? for menu, Esc to quit)
It was a potion of might.
You feel very mighty all of a sudden.
You feel sick.
You take 1 damage, and have 25/34 hp.
a - a +2 dagger (weapon)
You feel sick.
Sigmund hits you from afar with a scythe of venom.
You are more poisoned.
You take 4 damage, and have 21/34 hp.
You feel sick.
You take 1 damage, and have 20/34 hp.
You puncture Sigmund!
You feel sick.
Sigmund hits you with a scythe of venom!
* * * LOW HITPOINT WARNING * * *
You take 13 damage, and have 7/34 hp.
MASSIVE DAMAGE!!
The orc shouts!
You puncture Sigmund!
* * * LOW HITPOINT WARNING * * *
You feel sick.
You take 1 damage, and have 6/34 hp.
You hit Sigmund.
* * * LOW HITPOINT WARNING * * *
You feel sick.
Sigmund gestures wildly while chanting.
Sigmund flickers and vanishes!
Deactivating autopickup; reactivate with Ctrl-A.
You take 1 damage, and have 5/34 hp.
You puncture something!
Reactivating autopickup.
Your Short Blades skill gained 2 levels and is now at level 8!
You have reached level 6!
Your experience leads to an increase in your attributes!
Your base attributes are Str 11, Int 10, Dex 17.
Increase (S)trength, (I)ntelligence, or (D)exterity?
You feel agile.
You feel a bit more experienced.
A ball python comes into view.
MP restored: 6 Read which item? (? for menu, Esc to quit)
As you read the scroll labeled RENOUR JESCH, it crumbles to dust.
It is a scroll of enchant armour.
Enchant which item? (? for menu, Esc to quit)
Nothing appears to happen.
* * * LOW HITPOINT WARNING * * *
You feel sick.
You take 2 damage, and have 3/39 hp.
Wear which item? (? for menu, Esc to quit)
Keep disrobing?
* * * LOW HITPOINT WARNING * * *
You feel sick.
The ball python bites you but does no damage.
The ball python barely misses you. The ball python closely misses you.
The ball python misses you.
You start removing your armour.
You continue taking off your +0 cloak.
* * * LOW HITPOINT WARNING * * *
You feel sick. The ball python closely misses you. The ball python grabs you.
The ball python constricts you.
You continue taking off your +0 cloak.
You die...

,,,,,* *,,,* **,,,,,,,,_,,,,,,
,,,,,* *,,,* ***,,,,,⌠,,,,,⌠,,,
,,,,,***,,,*****,,,,,,,.,,,,,,,,,
,,,,,,,../,,,,,,,,,,,*.#,*,*,*,*,
,,,,,**#...,*****,,,,...,,,,,,,,,
,,,,,* #....* *,,,....,,,,,**,,
,,,,,* *....* *,,...(.,,,,,**,,
,,,,,* **#..#*####...>(..,*..#*,,
,,,,,* *#..##†@So......,r..##.,
,,,,,*** *#....######..##....o,,
****,,,#####...## *##........#*,*
***,........####...#.l#..#*,.*
**##...........##.....#**.#*
####****#.#........###.#..###...,
....,,,.......................#**
....,,,....###..#..###........# *
###****##.#**#....##$.....##.## *


You could see an orc and a ball python.

Vanquished Creatures
  Sigmund (D:3)
  Jessica (D:2)
  An adder (D:2)
  3 gnolls (D:3)
  2 worms
  3 giant geckos
  7 goblins
  9 hobgoblins
  3 kobolds
  4 bats
  2 giant cockroaches
  3 giant newts (D:1)
  5 rats
44 creatures vanquished.

Notes
Turn   | Place    | Note
--------------------------------------------------------------
     0 | D:1      | dpvblackbelt the Halfling Assassin began the quest for the Orb.
     0 | D:1      | Reached XP level 1. HP: 14/14 MP: 1/1
    55 | D:1      | Reached skill level 3 in Short Blades
   163 | D:1      | Reached XP level 2. HP: 16/19 MP: 2/2
   500 | D:1      | Reached skill level 4 in Short Blades
   775 | D:1      | Reached XP level 3. HP: 20/24 MP: 3/3
  1151 | D:2      | Noticed Jessica
  1155 | D:2      | Killed Jessica
  1155 | D:2      | Reached skill level 5 in Short Blades
  1155 | D:2      | Reached XP level 4. HP: 29/29 MP: 4/4
  1611 | D:3      | Reached skill level 6 in Short Blades
  1774 | D:3      | Reached XP level 5. HP: 25/34 MP: 5/5
  1894 | D:3      | Noticed Sigmund
  1921 | D:3      | HP: 7/34 [Sigmund/scythe of venom (11)]
  1924 | D:3      | Killed Sigmund
  1924 | D:3      | Reached skill level 8 in Short Blades
  1924 | D:3      | Reached XP level 6. HP: 5/39 MP: 6/6
  1925 | D:3      | HP: 3/39 [poisoned by Sigmund]
  1927 | D:3      | HP: 1/39 [poisoned by Sigmund]
  1928 | D:3      | Succumbed to Sigmund's poison

Vault maps used:
D:1:      lightli_molten_gateway
D:2:      serial_curves, eino_curves_04, eino_curves_01, eino_curves_04,
          uniq_jessica
D:3:      elyvilon_altar_5, first_bread, uniq_sigmund

Action                   |  1- 3 |  4- 6 || total
-------------------------+-------+-------++-------
Melee: Dagger            |    62 |    53 ||   115
 Fire: Blowgun           |     5 |    28 ||    33
  Use: Scroll            |       |     5 ||     5
       Potion            |       |     3 ||     3
 Stab: Sleeping          |     5 |     4 ||     9
  Eat: Chunk             |     1 |     2 ||     3

Vault maps used:
D:1:      lightli_molten_gateway
D:2:      serial_curves, eino_curves_04, eino_curves_01, eino_curves_04,
          uniq_jessica
D:3:      elyvilon_altar_5, first_bread, uniq_sigmund

Table legend:
 A = Turns spent in this place as a percentage of turns spent in the entire game.
 B = Non-inter-level travel turns spent in this place as a percentage of non-inter-level travel turns spent in the entire game.
 C = Inter-level travel turns spent in this place as a percentage of turns spent in this place.
 D = Turns resting spent in this place as a percentage of non-inter-level travel turns spent in this place.
 E = Turns spent auto-exploring this place as a percentage of non-inter-level travel turns spent in this place.
 F = Non-inter-level travel turns spent in this place divided by the number of levels of this place that you've seen.
                   A       B       C       D       E      F
               +-------+-------+-------+-------+-------+----------------------
         Total | 100.0 | 100.0 |   0.5 |   1.6 |   8.3 | 204.7
       Dungeon | 100.0 | 100.0 |   0.5 |   1.6 |   8.3 | 204.7
               +-------+-------+-------+-------+-------+----------------------

Table legend:
 A = Kills in this place as a percentage of kills in entire the game.
 B = Kills by you in this place as a percentage of kills by you in the entire game.
 C = Kills by friends in this place as a percentage of kills by friends in the entire game.
 D = Other kills in this place as a percentage of other kills in the entire game.
 E = Experience gained in this place as a percentage of experience gained in the entire game.
 F = Experience gained in this place divided by the number of levels of this place that you have seen.
                   A       B       C       D       E      F
               +-------+-------+-------+-------+-------+----------------------
         Total | 100.0 | 100.0 |  -nan |  -nan | 100.0 | 127.7
       Dungeon | 100.0 | 100.0 |  -nan |  -nan | 100.0 | 127.7
               +-------+-------+-------+-------+-------+----------------------
